 Dungeon Crawl Stone Soup version 0.24-a0-284-g9fb9971df1 (webtiles) character file.

Game seed: 852454771741275853

909 Esekla the Cutter (level 7, 0/48 HPs)
             Began as a Vampire Wanderer on May 4, 2019.
             Was a Follower of Ashenzari.
             Killed by divine providence
             ... invoked by an orc priest
              (13 damage)
             ... on level 6 of the Dungeon.
             The game lasted 01:10:13 (6384 turns).

Esekla the Cutter (Vampire Wanderer)                Turns: 6384, Time: 01:10:13

Health: 0/48       AC:  8    Str: 16    XL:     7   Next: 81%
Magic:  7/7        EV: 16    Int: 10    God:    Ashenzari [*.....]
Gold:   48         SH:  0    Dex: 17    Spells: 5/7 levels left

rFire    . . .     SeeInvis +   v - +0 dagger (venom)
rCold    . . .     Gourm    .   (no shield)
rNeg     + + .     Faith    .   A - +1 ring mail "Hoen" {rPois rN+ Str+2} (curse)
rPois    +         Spirit   .   o - +0 helmet
rElec    .         Reflect  .   (no cloak)
rCorr    .         Harm     .   (no gloves)
MR       .....                  (no boots)
Stlth    +++.......             (no amulet)
HPRegen  0.16/turn              p - +2 ring of evasion (curse)
MPRegen  0.10/turn              (no ring)

@: no status effects
A: fangs 3, see invisible, unbreathing
a: Bat Form, Curse Item, Scrying, Renounce Religion


You were on level 6 of the Dungeon.
You worshipped Ashenzari.
Ashenzari was aware of your devotion.
You were not thirsty.

You visited 1 branch of the dungeon, and saw 6 of its levels.

You collected 342 gold pieces.
You spent 294 gold pieces at shops.

Inventory:

Hand Weapons
 c - a +2 spear of freezing
 v - a +0 dagger of venom (weapon)
 D - a +0 long sword
Armour
 b - a +2 leather armour
 o - a +0 helmet (worn)
 s - a +3 ring mail
 A - the cursed +1 ring mail "Hoen" (worn) {rPois rN+ Str+2}
   (You bought it in a shop on level 5 of the Dungeon)

   It affects your strength (+2).
   It protects you from poison.
   It protects you from negative energy.
   It has a curse placed upon it.
Jewellery
 p - a cursed +2 ring of evasion (left hand)
Wands
 t - a wand of paralysis (11)
 z - a wand of digging (5)
Scrolls
 i - 2 scrolls of noise {unknown}
 n - 3 scrolls of teleportation
 q - a scroll of remove curse
 u - 3 scrolls of immolation {unknown}
 w - 2 scrolls of fear {unknown}
 x - a scroll of enchant weapon {unknown}
 y - a scroll of fog {unknown}
Potions
 d - 3 potions of ambrosia
 e - 4 potions of blood
 g - 4 potions of curing
 h - 3 potions of cancellation
 j - 2 potions of haste
 k - 6 potions of heal wounds
 l - a potion of berserk rage {unknown}
 m - a potion of lignification {unknown}
 r - a potion of invisibility {unknown}
 B - a potion of resistance {unknown}


   Skills:
 - Level 1.0 Fighting
 * Level 6.4 Short Blades
 - Level 1.7(2.0) Polearms
   Level 1.0(1.4) Staves
 * Level 3.7 Armour
 * Level 5.0 Dodging
 - Level 6.0 Stealth
 * Level 0.6 Spellcasting
 * Level 0.7 Charms


You had 5 spell levels left.
You knew the following spells:

 Your Spells              Type           Power        Failure   Level  Hunger
a - Song of Slaying       Chrm           #.......     56%         2    ###....

Your spell library contained the following spells:

 Spells                   Type           Power        Failure   Level  Hunger
 Infusion                 Chrm           #...         43%         1    ##.....
 Shroud of Golubria       Chrm/Tloc      #.........   63%         2    ###....
 Regeneration             Chrm/Necr      #.........   86%         3    ####...
 Spectral Weapon          Hex/Chrm       #.......     86%         3    ####...


Dungeon Overview and Level Annotations

Branches:
Dungeon (6/15)             Temple (0/1) D:5

Altars:
Ashenzari
Cheibriados
Gozag
Qazlal
Sif Muna
Uskayaw
The Shining One

Shops:
D:5 *

Annotations:
D:6 1 runed translucent door, iamserjio's ghost, novice OpWn


Innate Abilities, Weirdness & Mutations

You have razor-sharp teeth.
You have supernaturally acute eyesight. (SInv)
You can survive without breathing.


Message History

The black bear claws you. The orc priest misses you.
The orc wizard casts a spell at you. The puff of flame hits you.
The black bear bites you but does no damage.
The black bear completely misses you. The black bear claws you.
The orc wizard looks encouraged for a moment.
You hit the black bear.
The black bear is severely wounded.
The orc priest mumbles some strange prayers to Beogh against you.
Beogh smites you!
* * * LOW HITPOINT WARNING * * *
The black bear completely misses you.
The black bear claws you but does no damage.
The black bear barely misses you.
You fail to use your ability.
The black bear looks more healthy.
The black bear goes berserk!
The orc priest mumbles some strange prayers to Beogh against you.
Beogh smites you!
You die...

....# ###.#######
##..# #.........#
.?# #.#....##.###.#
.o. #.....o..o....#
.##.#......##o#####
# .......###.#
###.#.### #h# #.###
#.# #.# #@#
#.........#
###########


You could see a black bear (berserk), an orc priest and an orc wizard.

Vanquished Creatures
  Eustachio (D:4)
  A gnoll sergeant (D:5)
  A scorpion (D:6)
  A howler monkey (D:5)
  A hound (D:4)
  2 jellies
  A bullfrog skeleton (D:6)
  A centaur skeleton (D:5)
  An orc priest (D:4)
  An iguana (D:5)
  2 orc wizards
  A worker ant (D:4)
  A killer bee zombie (D:5)
  A hound zombie (D:5)
  9 gnolls
  A howler monkey skeleton (D:6)
  5 adders
  An adder zombie (D:5)
  2 adder skeletons
  3 worms (D:2)
  3 dart slugs
  3 leopard geckos
  13 orcs
  5 giant cockroaches
  13 goblins
  14 hobgoblins
  10 jackals
  2 quokkas
  4 ball pythons
  9 bats
  5 frilled lizards
  5 kobolds
  7 rats
130 creatures vanquished.

Notes
Turn   | Place    | Note
-------+----------+-------------------------------------------
     0 | D:1      | Esekla the Vampire Wanderer began the quest for the Orb.
     0 | D:1      | Esekla set off with the following items: a +0 spear, a +2
                  | leather armour, a +0 quarterstaff, a +0 dagger, a potion of
                  | blood
     0 | D:1      | Reached XP level 1. HP: 15/15 MP: 1/1
   471 | D:1      | Reached XP level 2. HP: 21/21 MP: 2/2
   848 | D:2      | Reached skill level 1 in Short Blades
   990 | D:2      | Reached skill level 1 in Armour
  1130 | D:2      | Reached XP level 3. HP: 26/26 MP: 3/3
  1998 | D:2      | Reached XP level 4. HP: 32/32 MP: 4/4
  2366 | D:3      | Found a glowing golden altar of the Shining One.
  2534 | D:4      | Noticed Eustachio
  2673 | D:3      | Reached XP level 5. HP: 26/37 MP: 5/5
  2771 | D:3      | Found a shattered altar of Ashenzari.
  2800 | D:3      | Became a worshipper of Ashenzari the Shackled
  4041 | D:4      | Killed Eustachio
  4041 | D:4      | Reached skill level 5 in Short Blades
  4041 | D:4      | Reached XP level 6. HP: 27/43 MP: 6/6
  4182 | D:4      | Found a stormy altar of Qazlal.
  4575 | D:5      | Entered Level 5 of the Dungeon
  4745 | D:5      | Found a hide-covered altar of Uskayaw.
  4818 | D:5      | Reached XP level 7. HP: 44/48 MP: 7/7
  5405 | D:5      | Found a staircase to the Ecumenical Temple.
  5463 | D:5      | Learned a level 2 spell: Song of Slaying
  5475 | D:5      | Found a deep blue altar of Sif Muna.
  5601 | D:5      | Found Ylymurphu's Assorted Antiques.
  5604 | D:5      | Bought a scroll labeled LUIPROTUCY for 27 gold pieces
  5604 | D:5      | Bought a transparent ring mail for 243 gold pieces
  5604 | D:5      | Identified the cursed +1 ring mail "Hoen" {rPois rN+ Str+2}
                  | (You bought it in a shop on level 5 of the Dungeon)
  5604 | D:5      | Bought a glowing red potion for 24 gold pieces
  5711 | D:5      | Found an opulent altar of Gozag.
  5854 | D:5      | Found a snail-covered altar of Cheibriados.
  5854 | D:5      | Reached * piety under Ashenzari
  6316 | D:6      | Found a runed translucent door.
  6317 | D:6      | Noticed iamserjio's ghost (novice OpWn)
  6358 | D:6      | Reached skill level 5 in Dodging
  6384 | D:6      | Killed from afar by an orc priest

Levels and vault maps discovered:
D:1:      roderic_dead_forest, layout_basic, serial_curves, eino_curves_02,
          eino_curves_02
D:2:      minmay_recursive_quarters, layout_basic, chequers_jeans
D:3:      layout_basic, nicolae_overflow_crystal_walls,
          cheibrodos_ashenzari_chains, first_ration, kennysheep_generic_room_8
D:4:      layout_basic, nicolae_overflow_hidden_temple, uniq_eustachio
D:5:      layout_gridville, old_standard_altar, lemuel_coloured_pillars_altar,
          lemuel_blue_sif_altar, marbit_many_paths, temple_fountains,
          serial_shops, kennysheep_mini_moat
D:6:      layout_loops_corners, ebering_ghost_sewer_f, hangedman_decor_growths

Skill      XL: |  1  2  3  4  5  6  7 |
---------------+----------------------+-----
Stealth        | 6 |  6.0
Short Blades   | 1 2 3 5 6 |  6.4
Armour         | 1 2 3 |  3.7
Dodging        | 3 4 5 |  5.0
Fighting       | |  1.0
Polearms       | |  1.7
Staves         | |  1.0
Spellcasting   | |  0.6
Charms         | |  0.7

Action                   |  1- 3 |  4- 6 |  7- 9 || total
-------------------------+-------+-------+-------++-------
Melee: Spear             |    12 |       |       ||    12
       Short sword       |   128 |    45 |       ||   173
       Bite              |    11 |    36 |    16 ||    63
       Dagger            |       |   210 |   113 ||   323
Invok: Curse Item        |       |     2 |       ||     2
 Abil: End Transformatio |     1 |       |       ||     1
       Bat Form          |     1 |       |       ||     1
  Use: Potion            |     4 |     3 |     5 ||    12
       Scroll            |       |     7 |     1 ||     8
 Stab: Sleeping          |    10 |     9 |     4 ||    23
  Eat: Corpse            |       |     1 |       ||     1
Armor: Leather armour    |    42 |    25 |       ||    67
       Ring mail         |       |    33 |    30 ||    63
Dodge: Dodged            |    92 |   161 |    75 ||   328

Table legend:
 A = Non-vault XP
 B = Vault XP
 C = Vault XP percentage of total XP
 D = Non-vault monster count
 E = Vault monster count
 F = Vault count percentage of total count
                 A         B        C        D         E       F
            +---------+---------+-------+---------+---------+-------
      Total |    1020 |     279 |  21.5 |     118 |      12 |   9.2
            +---------+---------+-------+---------+---------+-------
        D:1 |      20 |       0 |   0.0 |      10 |       0 |   0.0
        D:2 |      76 |      12 |  13.6 |      30 |       8 |  21.1
        D:3 |     160 |       5 |   3.0 |      34 |       2 |   5.6
        D:4 |     220 |     211 |  49.0 |      22 |       1 |   4.3
        D:5 |     352 |      51 |  12.7 |      13 |       1 |   7.1
        D:6 |     192 |       0 |   0.0 |       9 |       0 |   0.0
            +---------+---------+-------+---------+---------+-------
